 Dungeon Crawl Stone Soup version 0.31-a0-844-gdc52ec4e09 (webtiles) character file.

Game seed: 9449497351796363040

210 javelincjr the Magician (level 5, -8/31 HPs)
             Began as an Octopode Hedge Wizard on Sept 28, 2023.
             Was a Priest of Jiyva.
             Mangled by an ogre
             ... wielding a +0 giant club
              (28 damage)
             ... on level 4 of the Dungeon.
             The game lasted 00:09:06 (3430 turns).

javelincjr the Magician (Octopode Hedge Wizard)     Turns: 3430, Time: 00:09:06

Health: -8/31      AC:  1    Str:  9    XL:     5   Next: 88%
Magic:  11/11      EV: 13    Int: 19    God:    Jiyva [***...]
Gold:   179        SH:  0    Dex: 11    Spells: 7/12 levels left

rFire   . . .        n - +0 trident
rCold   . . .        (no shield)
rNeg    . . .        b - +0 hat
rPois   .            f - amulet of magic regeneration
rElec   .            g - ring of willpower
rCorr   +            a - ring of flight
SInv    .            (no ring)
Will    +....        (no ring)
Stlth   +++          (no ring)
HPRegen 1.37/turn    (no ring)
MPRegen 0.87/turn    (no ring)
                     (no ring)

%: no passive effects
@: flying
A: almost no armour, amphibious, 8 rings, camouflage 1, gelatinous body 1,
(nimble swimmer 1), tentacles
a: Renounce Religion, Oozemancy


You were on level 4 of the Dungeon.
You worshipped Jiyva.
Jiyva was most pleased with you.
You visited 1 branch of the dungeon, and saw 4 of its levels.

You collected 179 gold pieces.

Inventory:

Hand Weapons
 j - a +0 flail of holy wrath
 n - a +0 trident (weapon)
Armour
 b - a +0 hat (worn)
Jewellery
 a - a ring of flight (right tentacle)
 f - an amulet of magic regeneration (around mantle)
 g - a ring of willpower (left tentacle)
Wands
 d - a wand of iceblast (14)
Scrolls
 e - a scroll of immolation {unknown}
 i - a scroll of revelation {unknown}
 k - a scroll of enchant armour {unknown}
 m - 2 scrolls of identify {unknown}
 o - a scroll of noise {unknown}
Potions
 c - a potion of magic
 h - 2 potions of curing {unknown}
 l - a potion of invisibility {unknown}


   Skills:
 + Level 2.8 Dodging
 + Level 4.0 Stealth
 * Level 4.1 Spellcasting
 + Level 2.2 Conjurations
 + Level 2.1 Summonings
 + Level 2.0 Translocations


You had 7 spell levels left.
You knew the following spells:

 Your Spells              Type           Power      Damage    Failure   Level
a - Magic Dart            Conj           48%        1d5       5%          1
b - Call Imp              Summ           22%        N/A       9%          2
c - Blink                 Tloc           22%        N/A       9%          2

Your spell library contained the following spells:

 Spells                   Type           Power      Damage    Failure   Level
 Summon Small Mammal      Summ           44%        N/A       6%          1
 Slow                     Hex            12%        N/A       14%         1
 Call Canine Familiar     Summ           11%        N/A       17%         3
 Cigotuvi's Dreadful Rot  Necr/Pois/Air  6%         N/A       21%         2
 Summon Guardian Golem    Hex/Summ       7%         N/A       26%         3
 Mephitic Cloud           Conj/Pois/Air  6%         N/A       30%         3
 Inner Flame              Hex/Fire       3%         N/A       38%         3
 Yara's Violent Unravell  Hex/Tmut       1%         3d3       98%         5
 Enfeeble                 Hex            1%         N/A       100%        7


Dungeon Overview and Level Annotations

Branches:
Dungeon (4/15)
 Temple: D:4-7

Altars:
Wu Jian
Jiyva

Shops:
D:1 =   D:3 =


Innate Abilities, Weirdness & Mutations

You cannot wear most types of armour.
You are amphibious.
You can wear up to eight rings at the same time.
Your skin changes colour to match your surroundings (Stealth+).
Your rubbery body absorbs attacks. (AC +1, EV +1)
((You are camouflaged when in or above water. (Stealth+)))
You have tentacles for arms and can constrict up to eight enemies at once.


Message History

A goblin comes into view. It is wielding a +0 club.
The magic dart hits the goblin.
The goblin is moderately wounded.
The magic dart hits the goblin.
You kill the goblin!
You can't see any susceptible monsters within range! (Use Z to cast anyway.)
A ball python comes into view.
The magic dart hits the ball python.
You kill the ball python!
You can't see any susceptible monsters within range! (Use Z to cast anyway.)
You can't see any susceptible monsters within range! (Use Z to cast anyway.)
You hear a series of splatters.
You hear a distant slurping noise.
You hear a distant slurping noise.
You hear a distant slurping noise.
You hear a distant slurping noise.
You hear a distant slurping noise.
Jiyva will now mutate your body as you gain piety.
You can now call acidic ooze from nearby walls.
An ogre comes into view. It is wielding a +0 giant club.
The ogre shouts!
Casting: Magic Dart (safe; 5% risk of failure)
Confirm with . or Enter, or press ? or * to list all spells.
A tiny devil pulls itself out of the air.
Your cerulean imp hits the ogre from afar with a -3 spear.
The magic dart hits the ogre.
The ogre is moderately wounded.
Your cerulean imp closely misses the ogre.
The magic dart hits the ogre.
The ogre is moderately wounded.
Your cerulean imp barely misses the ogre.
You hit the ogre.
The ogre is heavily wounded.
The ogre hits you with a +0 giant club!
Your cerulean imp hits the ogre with a -3 spear.
You hit the ogre but do no damage.
The ogre is severely wounded.
The ogre hits you with a +0 giant club!!
Ouch! That really hurt!
You die...

. ... ##########....
###.............
#.......@O5....#
#######....####.....##
##........### ##..##
##.........######.. .#
#.................. .#
................## #
...........######
...........#
..........##


You could see an ogre (ally target) and a friendly cerulean imp (summoned).

Vanquished Creatures
  A black bear (D:4)
  Jessica (D:3)
  2 worms (D:4)
  A dart slug (D:1)
  2 orcs (D:4)
  5 ball pythons
  5 bats
  3 endoplasms
  2 giant cockroaches
  6 goblins
  3 hobgoblins (D:1)
  2 jackals (D:1)
  4 kobolds
  2 quokkas (D:1)
  2 frilled lizards
  8 rats
49 creatures vanquished.

Vanquished Creatures (collateral kills)
  2 adders (D:3)
  A dart slug (D:1)
  2 endoplasms
  2 giant cockroaches (D:2)
  A kobold (D:2)
  A quokka (D:2)
  A ball python (D:1)
  A frilled lizard (D:2)
  2 rats
13 creatures vanquished.

Vanquished Creatures (others)
  An adder (D:3)
1 creature vanquished.

Grand Total: 63 creatures vanquished

Notes
Turn   | Place    | Note
-------+----------+-------------------------------------------
     0 | D:1      | javelincjr the Octopode Hedge Wizard began the quest for
                  | the Orb.
     0 | D:1      | Reached XP level 1. HP: 11/11 MP: 4/4
   254 | D:1      | Reached XP level 2. HP: 17/17 MP: 3/6
   290 | D:1      | Found Quwnoxaj's Jewellery Shop.
   538 | D:1      | Learned a level 2 spell: Call Imp
   541 | D:1      | Learned a level 2 spell: Blink
   810 | D:1      | Reached XP level 3. HP: 21/21 MP: 3/7
  2185 | D:3      | Reached XP level 4. HP: 24/27 MP: 7/9
  2226 | D:3      | Identified the +3 ring mail "Nyixus Jar" {Int+4}
  2229 | D:3      | Found a faded altar of an unknown god.
  2240 | D:3      | Prayed at the altar of an unknown god.
  2240 | D:3      | Became a worshipper of Jiyva Julaicum the Shapeless
  2240 | D:3      | Reached * piety under Jiyva
  2439 | D:3      | Found Udashrin's Jewellery Emporium.
  2535 | D:3      | Reached ** piety under Jiyva
  2609 | D:3      | Noticed Jessica
  2613 | D:3      | Killed Jessica
  2695 | D:3      | Found an ornate altar of the Wu Jian Council.
  2936 | D:4      | Noticed a black bear
  2969 | D:4      | Killed a black bear
  2970 | D:4      | Reached XP level 5. HP: 9/31 MP: 4/11
  3422 | D:4      | Reached *** piety under Jiyva
  3424 | D:4      | Noticed an ogre
  3430 | D:4      | Mangled by an ogre

Illustrated notes

Levels and vault maps discovered:
D:1:      enne_arrival_octagon_isle, layout_basic, serial_shops,
          nicolae_shop_statue_plus
D:2:      layout_rooms, kennysheep_generic_room_6
D:3:      layout_loops_ring, nzn_wu_jian_contemplation, serial_shops,
          nicolae_shop_gaudy_bauble, ebering_ecumenical_altar_abandoned,
          minmay_misc_feat_square, kennysheep_nondescript, uniq_jessica
D:4:      layout_layer_cave

Skill      XL: |  1  2  3  4  5 |
---------------+----------------+-----
Stealth        | 3 4 |  4.0
Spellcasting   | 4 |  4.1
Conjurations   | 2 |  2.2
Summonings     | 2 |  2.1
Translocations | 2 |  2.0
Dodging        | |  2.8

Action                     |  1- 3 |  4- 6 || total
---------------------------+-------+-------++-------
  Melee: Spear             |    60 |    14 ||    74
         Constrict         |    13 |     3 ||    16
         Tentacles         |     7 |     3 ||    10
         Punch             |     1 |       ||     1
         Trident           |       |    12 ||    12
   Cast: Magic Dart        |    29 |    54 ||    83
         Call Imp          |    21 |     9 ||    30
    Use: Potion            |       |     1 ||     1
   Stab: Sleeping          |     9 |     2 ||    11
 Armour: Skin              |    15 |    26 ||    41
  Dodge: Dodged            |    31 |    24 ||    55

Table legend: (Time is in decaauts)
 A = Elapsed time spent in this place.
 B = Non-inter-level travel time spent in this place.
 C = Inter-level travel time spent in this place.
 D = Time resting spent in this place.
 E = Time spent auto-exploring this place.
 F = Levels seen in this place.
 G = Mean time per level.
                   A        B        C        D        E       F      G
               +--------+--------+--------+--------+--------+-----+--------+
         Total |   3438 |   3299 |    139 |     23 |   2736 |   4 |  859.5 |
       Dungeon |   3438 |   3299 |    139 |     23 |   2736 |   4 |  859.5 |
               +--------+--------+--------+--------+--------+-----+--------+

Top non-repeatable levels by time:
     D:1: 1459 daAuts
     D:3: 744 daAuts
     D:2: 678 daAuts
     D:4: 556 daAuts
